[Event "Cabo Verde Open 2022"]
[Site "Mindelo-S. Vicente"]
[Date "2022.04.29"]
[Round "7.8"]
[White "Barros Gutierrez, Angel Luis"]
[Black "Junior, Ednasia"]
[Result "1-0"]
[ECO "E90"]
[WhiteElo "2040"]
[BlackElo "1898"]
[Annotator "TA"]
[PlyCount "123"]
[EventDate "2022.04.22"]
[EventType "swiss"]
[SourceTitle "playchess.com"]
[Source "ChessBase"]
[SourceQuality "1"]
[TimeControl "40/5400+30:1800+30"]

1. Nf3 Nf6 2. d4 g6 3. c4 Bg7 4. Nc3 O-O 5. e4 d6 6. h3 Nbd7 7. Bf4 {[%emt 0:00:33] E90: King's Indian: Classical: Early deviations and 6 h3.} (7. Bd3 $14) 7... c5 (7... e5 $11 8. dxe5 dxe5) 8. d5 $1 $14 Qa5 {[%emt 0:05:37] aiming for ...Nxe4.} 9. Qd2 {[%emt 0:00:48] White is better.} a6 10. Bd3 {[%emt 0:00:24] [#]} Re8 $146 ({Predecessor:} 10... b5 11. O-O bxc4 12. Bxc4 Qb4 13. Bd3 Nh5 14. a3 Qb3 15. Bg5 Re8 16. Rab1 Ne5 17. Nxe5 Bxe5 18. Bc2 Qc4 {1-0 (45) Gochelashvili,D (2436)-Kozak,A (2373) Anapa 2011}) 11. O-O Nh5 12. Bh6 Ne5 13. Be2 Nxf3+ 14. Bxf3 Nf6 15. g4 ({White should play} 15. Bxg7 $16 Kxg7 16. Be2) 15... b5 16. Bg2 bxc4 {[%emt 0:09:48] [#]} ({Black should try} 16... Bxh6 $14 17. Qxh6 Kh8) 17. Bxg7 $1 $16 Kxg7 18. f4 Rb8 19. e5 Ng8 20. Qe2 Qc7 21. f5 (21. Rf2 $16) 21... dxe5 $15 22. fxg6 hxg6 23. Ne4 f6 (23... f5 $15 24. gxf5 Bxf5) 24. Qf2 (24. Rf2 $11) 24... Rb5 25. Rad1 Rf8 (25... Qb6 $5 ) 26. d6 exd6 27. Nxd6 (27. Rxd6 Rb6 28. Rd5 Rd8 29. Rxc5 Qb8 $15) 27... Rb8 (27... Rb4 $11) 28. Rd5 {[%emt 0:02:05] White is much more active. The black rooks are badly placed.} (28. Nxc4 Rd8 $11) (28. g5 $1 $14 Qe7 29. Qxc5) 28... Ne7 $2 {[%emt 0:01:35][%mdl 8192] [#] A mistake that costs the game.} (28... Be6 $15 29. Rd2 Rbd8) 29. Ne8+ $1 $18 {[%emt 0:03:15][%mdl 576] Deflection} Rxe8 (29... Kg8 30. Nxc7) 30. Qxf6+ Kh7 31. Qf7+ Kh6 32. g5+ {[%emt 0:00:47][%mdl 64] Decoy} (32. Qxe8 Bb7 33. g5+ (33. Rd7 Rxe8 34. Rxc7 Bxg2 $11) 33... Kxg5 34. h4+ (34. Rd7 Rxe8 35. Rxc7 Bxg2 $15) 34... Kxh4 $11) 32... Kxg5 33. Qf6+ $2 (33. Qf4+ Kh5 34. h4 Nxd5 35. Qg5#) 33... Kh6 34. Rxe5 {[%emt 0:02:23] And now Rf4 would win. Dancing on a razor blade.} Bf5 $2 (34... Rxb2 $2 35. Rf4 Rxg2+ 36. Kxg2 Qc6+ 37. Qxc6 Nxc6 38. Rh4+ Kg7 39. Rxe8 $18) (34... Qd7 $18 35. Rf4 (35. Rxc5 Qe6 $11) 35... Nf5) 35. Rfe1 $2 (35. Rf4 {mates} Bg4 36. Rxg4 Qxe5 37. Qxe5 Nf5 38. Qf6 Rg8 39. Bd5 Rbf8 40. Bf7 Rxf7 41. Qxf7) 35... Ng8 36. Qh4+ Kg7 37. Rxe8 Rxe8 38. Rxe8 {[%emt 0:00:26] Hoping for Bd5.} Qd7 {[%emt 0:00:25] Inhibits Bd5.} 39. Re1 (39. Rd8 Qe6 40. Qf2 (40. Bf1 Qe3+ 41. Kh2 Qe5+ 42. Kg1 Qe3+ 43. Kh2 Qe5+ 44. Qg3 Qxb2+ 45. Kg1 Qf6 $16) 40... Qf6 $18) 39... Bd3 (39... Qd4+ {was worth a try.} 40. Qf2 Nf6 41. Re7+ Kf8) 40. Qg5 (40. Re5 $142) 40... Qd4+ 41. Kh1 Qxb2 (41... Bf5 {keeps fighting.} 42. Qe3 a5 43. Qe5+ Nf6 44. Qe7+ (44. Qb8 g5 $16) 44... Kh6) 42. Qxc5 Qf6 43. Bd5 {[%emt 0:01:49] Black must now prevent Qa7+.} Qf5 (43... Qh4 {was called for.} 44. Qa7+ Kh6 45. Qe3+ Kh7) 44. Qd4+ Kh6 $2 (44... Kf8 $18 45. Bg2 (45. Bxc4 $2 Qxh3+ 46. Kg1 Qg3+ 47. Kh1 Qh3+ 48. Kg1 Qg3+ 49. Kh1 Qxe1+ $19) 45... Qf6) 45. Qh8+ Kg5 46. Re5 (46. Rg1+ $142 Kf4 47. Rg4+ Qxg4 48. Qd4+ Kg5 49. Qxg4+ Kf6 50. Bxg8 Ke5 51. Bxc4) 46... Nh6 47. Rxf5+ Nxf5 48. Qc8 Ne3 49. Qd8+ Kf4 50. Qh4+ Ke5 51. Qg3+ Kd4 52. Bc6 {[%emt 0:01:53] Intending Qd6+ and mate.} Bf5 53. Qd6+ Kc3 54. Kg1 Kc2 55. Ba4+ Kc3 56. Kf2 Nc2 57. Qxa6 (57. Bxc2 $142 Kxc2 58. Ke3 c3 59. Qd5 g5 60. Qb3+ Kc1 61. Qxc3+ Bc2 62. Qa3+ Kb1 63. Kd2 Bf5 64. Kc3 Bxh3 65. Qb2#) 57... Bd3 58. Bxc2 {[%emt 0:00:38] White mates.} Kxc2 59. Ke3 Bf5 60. Qc6 Bd3 61. a4 Bf1 62. a5 {[%emt 0:00:49] Weighted Error Value: White=0.59/Black=0.81} 1-0

[Event "Cabo Verde Open 2022"]
[Site "Mindelo-S. Vicente"]
[Date "2022.04.30"]
[Round "8.1"]
[White "Ortega Amarelle, Mariano"]
[Black "Del Rio De Angelis, Salvador G."]
[Result "0-1"]
[ECO "E01"]
[WhiteElo "2476"]
[BlackElo "2452"]
[Annotator "TA"]
[PlyCount "72"]
[EventDate "2022.04.22"]
[EventType "swiss"]
[SourceTitle "playchess.com"]
[Source "ChessBase"]
[SourceQuality "1"]
[TimeControl "40/5400+30:1800+30"]

1. d4 Nf6 2. Nf3 e6 3. c4 d5 4. g3 h6 5. Bg2 Bd6 6. O-O {[%emt 0:04:07] E01: Catalan: Early deviations.} O-O 7. Nc3 Nc6 {[%emt 0:00:09] Prevents Ne5.} 8. a3 {[%emt 0:17:35] The position is equal.} dxc4 9. Qa4 {[%emt 0:00:41] Against Na5} e5 10. dxe5 Nxe5 11. Nxe5 Bxe5 12. Qxc4 (12. Rd1 $5 Qe7 13. Qxc4 $11) 12... c6 13. Rd1 Qe7 {[%emt 0:07:18] [#]} 14. Be3 $146 {[%emt 0:14:28] Threatens to win with Bc5.} ({Predecessor:} 14. Bf4 Be6 15. Qb4 Qxb4 16. axb4 Bxf4 17. gxf4 a6 18. Rd4 Rfd8 19. Rad1 Rxd4 20. Rxd4 {½-½ (64) Posthuma,J (2339)-Jacobson,A (2262) Charlotte 2020}) 14... Be6 15. Qb4 Qxb4 16. axb4 a6 17. Bd4 Bxd4 18. Rxd4 Rfd8 19. Rad1 Rxd4 20. Rxd4 Kf8 21. Na4 a5 {[%emt 0:00:40] And now ...axb4 would win.} 22. h3 axb4 23. Rxb4 b5 24. Nc3 (24. Nc5 $15 Ra1+ 25. Kh2) 24... Ra6 {[%emt 0:04:17] Strongly threatening ...Bc4.} 25. Rd4 c5 26. Rd8+ ({Better is} 26. Rd2) 26... Ke7 $17 27. Rb8 (27. Rd2 $17 b4 28. Nd1) 27... b4 $19 28. Rb7+ Nd7 29. Ne4 $2 (29. Nd5+ Kd6 30. Nc7) 29... Ra1+ {[%emt 0:01:58] Black is clearly winning.} 30. Kh2 {[%emt 0:00:02] Black must now prevent Nxc5.} Bd5 31. Rc7 {[%emt 0:03:28] [#]} Kd8 $1 32. Rxc5 Nxc5 ({But not} 32... Bxe4 $2 33. Rb5 Bxg2 34. Kxg2 $19) 33. Nxc5 Bc4 34. Bf3 Rb1 35. Nb7+ Kc7 36. Na5 Be6 {[%emt 0:00:30] Weighted Error Value: White=0.36/Black=0.05 (flawless)} 0-1

[Event "Cabo Verde Open 2022"]
[Site "Mindelo-S. Vicente"]
[Date "2022.04.30"]
[Round "8.2"]
[White "Santiago, Yago De Moura"]
[Black "Galego, Luis"]
[Result "1-0"]
[ECO "E41"]
[WhiteElo "2490"]
[BlackElo "2474"]
[Annotator "TA"]
[PlyCount "164"]
[EventDate "2022.04.22"]
[EventType "swiss"]
[SourceTitle "playchess.com"]
[Source "ChessBase"]
[SourceQuality "1"]
[TimeControl "40/5400+30:1800+30"]

1. d4 Nf6 2. c4 e6 3. Nc3 Bb4 4. e3 c5 5. Bd3 Bxc3+ 6. bxc3 d6 7. Ne2 Nc6 8. O-O e5 9. e4 h6 10. dxc5 dxc5 11. Ng3 Be6 12. Qe2 Qa5 13. Bb2 Qa4 14. Rfd1 Na5 15. Bc2 Qc6 16. Rd5 O-O 17. Rad1 Bxd5 18. cxd5 Qa6 $1 19. c4 Nxc4 20. Bd3 b5 21. Bxc4 bxc4 22. Bxe5 Rfe8 23. Bxf6 Qxf6 24. Qxc4 Qd6 25. Nf5 Qf4 26. Qc3 $1 Qe5 $1 27. Qxe5 Rxe5 28. Nd6 Re7 29. f3 Rb8 30. Rd2 Rb4 31. Kf2 Rd7 32. e5 (32. Nf5 $11) 32... Re7 (32... f6 $1 $17 33. a3 Ra4) 33. a3 Ra4 34. Nf5 $1 Rd7 (34... Rxe5 $2 35. d6 $1 Re8 36. d7 $18) ({Black should play} 34... Re8 $1 $11) 35. Rb2 $1 $14 Rd8 36. Ne7+ Kh7 37. d6 Rd7 38. Nc6 c4 39. Rb4 Rxa3 40. Rxc4 Ra2+ 41. Kg3 Re2 (41... a5 $14) 42. f4 $1 $16 Rb7 $2 (42... g6 43. Nd4 Rd2) 43. Kf3 $18 Rd2 44. Nd4 a5 45. Ke3 Rd1 46. Ke2 $1 ({Worse is} 46. Rc7 Rxc7 47. dxc7 Rc1 $17) 46... Ra1 $2 {[%emt 0:00:39] [#]} (46... Rdb1 47. f5 Rd7) 47. f5 $1 $18 (47. Rc7 Rxc7 48. dxc7 Rc1 $17) 47... a4 48. e6 ({Not} 48. Rc7 Rxc7 49. dxc7 Rc1 $17) 48... a3 49. e7 a2 50. Ra4 Rb2+ 51. Kf3 Rf1+ 52. Kg3 Rb4 53. Rxa2 ({Weaker is} 53. Rxb4 a1=Q 54. Nf3 (54. e8=Q Qc3+ 55. Nf3 Qxb4 $17) 54... Rxf3+ 55. gxf3 (55. Kxf3 Qc3+ 56. Kf2 Qc8 $11) 55... Qe1+ 56. Kh3 Qf1+ 57. Kg3 Qe1+ 58. Kh3 Qf1+ 59. Kg3 Qe1+ $11) 53... Rxd4 54. e8=Q Rd3+ {[%emt 0:00:19] [#]} 55. Kg4 $1 Rd4+ 56. Kh3 Rxf5 57. d7 Rh5+ 58. Kg3 Rg5+ 59. Kf2 Rf5+ 60. Ke3 Rfd5 61. Qxf7 Rxd7 62. Qe6 R4d6 63. Qe4+ g6 64. h3 (64. Ra8 $142 Rd1 65. Qc4 R1d5 66. Ke4 Kg7 67. Qxd5 Rxd5 68. Kxd5 Kf6 69. Ke4) 64... Rf6 65. Ra8 Rff7 66. Re8 Ra7 67. Qb4 (67. Qe5 $142 Rg7 68. Qd6 Rgf7 69. Qd8 Ra3+ 70. Kd4 Ra4+ 71. Kd3 Ra3+ 72. Ke2 Ra2+ 73. Ke3 Ra3+ 74. Kd4 Ra4+ 75. Kc3 Ra3+ 76. Kb4) 67... h5 68. Qb2 Rg7 69. Qb8 Rae7+ 70. Rxe7 Rxe7+ 71. Kf4 Rf7+ 72. Ke5 Rf5+ 73. Ke6 Rf1 74. Qa7+ Kh6 75. Qe3+ Kh7 76. Qd2 Kg7 77. Qd7+ Kh6 78. Qd3 Rf8 79. Ke7 Rf5 80. Qxf5 gxf5 81. Kf6 f4 82. Kf5 Kg7 1-0

[Event "Cabo Verde Open 2022"]
[Site "Mindelo-S. Vicente"]
[Date "2022.04.30"]
[Round "8.3"]
[White "Strikovic, Aleksa"]
[Black "Maisuradze, Nino"]
[Result "1-0"]
[ECO "E01"]
[WhiteElo "2489"]
[BlackElo "2202"]
[Annotator "TA"]
[PlyCount "97"]
[EventDate "2022.04.22"]
[EventType "swiss"]
[SourceTitle "playchess.com"]
[Source "ChessBase"]
[SourceQuality "1"]
[TimeControl "40/5400+30:1800+30"]

1. Nf3 d5 2. c4 e6 3. g3 Nf6 4. Bg2 Nbd7 5. O-O c6 6. d4 Bd6 7. Qc2 O-O 8. Nbd2 Re8 9. b3 {[%emt 0:12:08] E01: Catalan: Early deviations.} a5 10. Bb2 Qc7 11. e4 {[%emt 0:05:19] White is slightly better.} dxe4 12. Nxe4 {[%emt 0:00:08] [#]} Be7 $146 ({Predecessor:} 12... Nxe4 13. Qxe4 Nf6 14. Qc2 a4 15. Rfe1 Be7 16. Rad1 Rd8 17. Bc3 axb3 18. axb3 Qb6 {0-1 (44) Yalcin,O (1880)-Narman,G (1969) Konya 2017}) 13. Nc3 b6 14. Rad1 (14. Ne5 {with more complications.} Bb7 15. f4 c5 16. Ba3) 14... Bb7 15. Bc1 Rad8 16. Bf4 Bd6 17. Bxd6 Qxd6 18. Rfe1 c5 19. d5 exd5 20. Rxe8+ Rxe8 21. cxd5 Ba6 (21... Bxd5 $2 22. Ng5 Qe5 23. Rxd5 $18) 22. a4 Ne5 23. Nxe5 Rxe5 24. Qd2 Re8 25. Bf1 Bxf1 26. Kxf1 Rd8 27. Qd3 h6 28. Kg2 Rd7 29. Kg1 Rd8 30. Qf5 Qd7 31. Qxd7 Rxd7 $11 {[%emt 0:00:08][%mdl 4096] Endgame KRN-KRN} 32. Kf1 Kf8 33. Ke2 Ke7 34. h3 h5 35. f3 Rd8 36. Ke3 Rd7 37. Kf4 Rd8 38. h4 g6 (38... Rc8 $11 {remains equal.}) 39. g4 Rd7 $2 {[%emt 0:03:42][%mdl 8192] [#] Black cannot hold the game after this.} ({Better is} 39... hxg4 $14 40. fxg4 Rb8) 40. g5 $18 Ne8 41. Ne4 Nd6 $2 (41... Kd8 42. d6 Kc8) 42. Ke5 {[%emt 0:07:39] White is clearly winning.} Rd8 (42... Nf5 $142 43. d6+ Kf8) 43. Nxd6 Rxd6 {[%emt 0:00:02] KR-KR} 44. f4 Kd7 45. Rf1 {[%emt 0:02:06] [#] Hoping for f5.} Ke7 46. f5 {[%emt 0:02:07] And now fxg6 would win.} gxf5 47. Rxf5 Rd7 48. d6+ Ke8 49. Kd5 {[%emt 0:00:11] Weighted Error Value: White=0.05 (flawless) /Black=0.34} 1-0

[Event "Cabo Verde Open 2022"]
[Site "Mindelo-S. Vicente"]
[Date "2022.04.30"]
[Round "8.4"]
[White "Fernandes, Antonio"]
[Black "Caxita, Esperanca"]
[Result "1-0"]
[ECO "B01"]
[WhiteElo "2313"]
[BlackElo "1910"]
[Annotator "TA"]
[PlyCount "53"]
[EventDate "2022.04.22"]
[EventType "swiss"]
[SourceTitle "playchess.com"]
[Source "ChessBase"]
[SourceQuality "1"]
[TimeControl "40/5400+30:1800+30"]

1. e4 d5 2. exd5 Qxd5 3. Nc3 Qd6 4. d4 a6 5. Nge2 Nc6 6. Bf4 {[%emt 0:02:09] B01: Scandinavian Defence.} e5 7. dxe5 Nxe5 {[%emt 0:00:27] [#]} 8. Qxd6 $146 {[%emt 0:02:12] White is better.} ({Predecessor:} 8. Ne4 Qb4+ 9. N2c3 Bf5 10. Qd5 Ne7 11. Qxe5 Bxe4 12. O-O-O Bc6 13. a3 f6 14. Qxc7 {1-0 (31) Lomakina,A (1654)-Kanteraki,M (1368) Prague 2016}) 8... Bxd6 {[%emt 0:00:46] [#]} 9. Ne4 Be6 ({Better is} 9... Nf6 10. Nxd6+ cxd6) 10. Nxd6+ $16 cxd6 11. O-O-O Ke7 12. Nc3 Nf6 {[%emt 0:01:47] Prevents Ne4.} 13. Bg5 Ned7 (13... h6 $142 14. Bxf6+ Kxf6) 14. f4 {[%emt 0:05:24] White is more active.} h6 15. Bh4 Rhc8 16. Be2 Rab8 17. Rhe1 Rc5 18. Ne4 Ra5 (18... Rd5 $16 {is a better defense.} 19. Bf3 Rxd1+ 20. Rxd1 d5) 19. Nxd6 $18 {[%emt 0:01:05][%cal Of4f5] Threatens to win with f5!} ({Don't do} 19. Rxd6 $6 Rxa2 20. Kb1 Ra5 $16) 19... Rxa2 {[%emt 0:04:48] [#] And now ...Ra1+ would win.} 20. Kb1 {[%emt 0:01:10] Prevents Ra1+.} Ra4 21. b3 Rb4 22. Bf3 (22. Bg3 $142) 22... Kf8 $2 (22... Rxf4 {was worth a try.} 23. Bg3 Rxf3) 23. Bg3 Nc5 24. f5 Bd7 25. Nb5 Rc8 $2 (25... Rd8 26. Bd6+ Kg8) 26. Na7 Re8 27. Bd6+ {[%emt 0:00:11] Weighted Error Value: White=0.14 (very precise) /Black=0.53} 1-0

[Event "Cabo Verde Open 2022"]
[Site "Mindelo-S. Vicente"]
[Date "2022.04.30"]
[Round "8.5"]
[White "L`Ami, Alina"]
[Black "Ferreira, Paulo"]
[Result "1-0"]
[ECO "A55"]
[WhiteElo "2287"]
[BlackElo "2073"]
[Annotator "TA"]
[PlyCount "147"]
[EventDate "2022.04.22"]
[EventType "swiss"]
[SourceTitle "playchess.com"]
[Source "ChessBase"]
[SourceQuality "1"]
[TimeControl "40/5400+30:1800+30"]

1. d4 Nf6 2. c4 d6 3. Nc3 Nbd7 4. e4 e5 5. Nf3 c6 6. Be2 Be7 7. O-O O-O 8. Qc2 Re8 9. Be3 Qc7 10. h3 Bf8 {[%emt 0:02:26] A55: Old Indian Defence with Nf3 and e4.} 11. d5 {[%emt 0:07:08] [#]} Nh5 $146 ({Predecessor:} 11... a5 12. a3 Nb6 13. Nd2 g6 14. dxc6 bxc6 15. b4 Be6 16. c5 Nbd7 17. cxd6 Bxd6 18. bxa5 Rxa5 {½-½ (80) Anchutin,N (2219)-Tsoi,D (2361) St Petersburg 2017}) 12. g3 g6 {[%emt 0:04:59] White is slightly better.} 13. Kh2 Ndf6 14. Ng1 Ng7 15. g4 Qe7 16. f3 Kh8 (16... h5 $14) 17. Bd3 Nd7 18. b4 {[%emt 0:02:40] Against Nc5} a5 19. a3 (19. b5 {is interesting.} Nc5 20. Rab1 Qd8 21. bxc6 bxc6 22. Bxc5 dxc5 23. Na4) 19... axb4 20. axb4 Rxa1 21. Rxa1 f5 22. exf5 {[%emt 0:05:06] White is much more active. The black rooks are badly placed.} gxf5 (22... e4 $1 $14 23. Bxe4 (23. fxe4 gxf5 24. dxc6 bxc6 $11) 23... gxf5) 23. Bxf5 $16 (23. gxf5 $6 e4 24. Bxe4 (24. fxe4 Nxf5 25. Bf4 Bh6 $11) 24... cxd5 $14) 23... Nxf5 24. Qxf5 (24. gxf5 $6 Qf7 $11) 24... Nf6 25. Qg5 (25. Qd3 $16) 25... cxd5 $14 26. Nxd5 Nxd5 27. cxd5 {[%emt 0:00:02] aiming for Qxe7.} Qf7 28. Qh5 Qxh5 29. gxh5 Bf5 30. Ra7 Re7 31. Ne2 {[%emt 0:04:43] Black must now prevent Ng3.} Bd3 32. Ng3 Rf7 33. Kg2 Bc4 34. Ra5 b6 (34... h6 $14) 35. Bxb6 $18 Rb7 {[%emt 0:01:04] [#]} 36. Be3 ({Resist} 36. Ra8 $6 Rf7 $16) 36... Rxb4 37. Ne4 $2 (37. Ra8 $18 Kg7 38. Nf5+ Kf7 39. Ra7+ Kf6 40. Rxh7) 37... Rb7 38. Ra8 Kg7 39. h6+ Kf7 40. Ng5+ Kg8 41. Ne6 {[%emt 0:06:33][%csl Ge6][%cal Ra8f8] [#]} Rf7 42. Ra5 Rf5 43. h4 Kf7 (43... Be2 $11) 44. Bg5 (44. Kg3 $16 {Strongly threatening Kg4.} Be2 45. Ra7+ Kg8 46. Nxf8 (46. f4 Bxh6 47. Rd7 Rf6 $14) 46... Rxf3+ 47. Kh2 Kxf8 48. Bg5) 44... Kg6 $14 45. Nxf8+ Rxf8 $11 {[%emt 0:00:27][%mdl 4096] Endgame KRB-KRB} 46. Be7 Rf5 (46... Rg8 $11) 47. Bxd6 $16 Be2 48. Bc7 (48. Be7 $16) 48... Bxf3+ $11 49. Kg3 Bh5 (49... Be4 $11) 50. d6 {[%emt 0:02:15] And now d7 would win.} Rf3+ 51. Kg2 Rd3 52. Rxe5 Bf3+ 53. Kf2 {[%emt 0:00:19] Rg5+ is the strong threat.} Bc6 54. Re6+ Kf5 55. Re1 (55. Re3 $5 Rd4 56. Rc3 Rf4+ 57. Ke3 Re4+ 58. Kf2 Rf4+ 59. Kg3 Rg4+ 60. Kf2 Rf4+ $14) 55... Kg6 56. Rc1 Bd7 57. Ke2 Rd5 58. Ke3 Kf6 59. Rg1 Bf5 60. Rg8 Rd3+ 61. Ke2 Rd5 62. Bd8+ Kf7 63. Rg7+ Ke6 64. Be7 Rd4 65. Bf8 Kf6 66. Ra7 Kg6 67. Ke3 Rd3+ $2 (67... Rxh4 $16 {is a better defense.} 68. Rg7+ (68. d7 Re4+ 69. Kf3 Rd4 $14) 68... Kh5) 68. Kf4 $18 {[%emt 0:00:17][%cal Oh4h5] Hoping for h5+!} Rd5 69. Bg7 Kh5 $2 (69... Be6 70. Re7 Bc8) 70. Be5 Bd3 71. d7 {[%emt 0:00:29] White mates.} Kg6 72. Rb7 Kh5 73. Bf6 Ba6 74. Ra7 {[%emt 0:00:28] Weighted Error Value: White=0.20 (precise) /Black=0.21 (precise)} 1-0

[Event "Cabo Verde Open 2022"]
[Site "Mindelo-S. Vicente"]
[Date "2022.04.30"]
[Round "8.6"]
[White "Lesbros, Bernard"]
[Black "Varela La Madrid, Tilsia Carolina"]
[Result "0-1"]
[ECO "D65"]
[WhiteElo "1865"]
[BlackElo "2097"]
[Annotator "TA"]
[PlyCount "98"]
[EventDate "2022.04.22"]
[EventType "swiss"]
[SourceTitle "playchess.com"]
[Source "ChessBase"]
[SourceQuality "1"]
[TimeControl "40/5400+30:1800+30"]

1. Nf3 d5 2. d4 Nf6 3. c4 e6 4. Nc3 a6 5. Bg5 Be7 6. e3 O-O 7. Rc1 Nbd7 8. cxd5 exd5 9. Bd3 c6 10. Qc2 Re8 11. O-O h6 12. Bh4 Ne4 13. Bg3 {[%emt 0:08:40] D65: Queen's Gambit Declined: Classical: 7 Rc1 c6 8 Qc2 a6 9 cxd5.} (13. Nxe4 $2 dxe4 14. Bxe4 (14. Bxe7 $2 Qxe7 15. Bxe4 Qxe4 $19) 14... Bxh4 $19) (13. Bxe4 $142 Bxh4 14. Bh7+ Kh8 15. Nxh4 Qxh4 16. Bd3) 13... Nxg3 $11 14. hxg3 Bf6 {[%emt 0:01:42] [#]} 15. Ne2 $146 {[%emt 0:06:36][%cal Bc3e2,Be2f4,Bf4d3,Bd3e5][%mdl 32] The position is equal.} ({Predecessor:} 15. b4 Qe7 16. Rb1 Nf8 17. a4 Bd7 18. b5 axb5 19. axb5 Rec8 20. b6 Ra3 21. Ra1 {½-½ (41) Kantor,D (1943)-Hotzi,G (2052) Hungary 2009}) 15... Nf8 16. Bf5 Bxf5 17. Qxf5 Qd7 18. Qc2 Rac8 19. Nf4 Ne6 20. Nd3 Qc7 21. Nfe5 c5 (21... Ng5 $15) 22. Qe2 ({White should play} 22. Ng4 $11) 22... c4 $36 {[%emt 0:00:32][%mdl 2048] Black fights for an advantage.} 23. Ng4 Qe7 (23... cxd3 $2 24. Nxf6+ gxf6 25. Qg4+ Ng5 26. Rxc7 Rxc7 27. Qd1 $18) 24. Nxf6+ ({Better is} 24. Nf4 $1 $11 Nxf4 25. gxf4) 24... Qxf6 $15 25. Ne5 Qf5 26. Qd2 Ng5 27. Qa5 {[%emt 0:01:47] [#]} Qe6 {[%emt 0:02:12] Black keeps a firm grip on the game.} 28. f4 (28. Rfe1 $17) 28... Ne4 $19 29. f5 (29. g4 $17) 29... Qd6 {[%emt 0:00:45] And now ...f6 would win.} 30. Rf3 Ng5 31. Rf4 {[%emt 0:03:41] [#]} (31. Rff1 {keeps fighting.}) 31... f6 $1 32. Ng6 Rxe3 33. Re1 Rce8 ({But not} 33... Rxg3 $2 34. Kf2 Rd3 35. Qxd5+ Qxd5 36. Ne7+ Kf7 37. Nxd5 $19) 34. Rxe3 Rxe3 35. Qd2 Re4 36. Rxe4 Nxe4 ({Inferior is} 36... dxe4 37. b3 $15) 37. Qf4 Qxf4 38. Nxf4 Nxg3 39. Nxd5 Nxf5 {[%emt 0:00:00][%mdl 4096] Endgame KN-KN} 40. Nb6 Nxd4 41. Nxc4 Kf8 42. Kf2 Ke7 43. Ke3 Nf5+ {[%emt 0:00:00] Black is clearly winning.} 44. Kd3 h5 45. Na5 Nd6 46. Ke3 g5 47. Kd4 h4 48. Ke3 (48. Nb3 $142 Ke6 49. Nc1) 48... Ke6 49. Nb3 Kd5 {[%emt 0:00:00] Weighted Error Value: White=0.38/Black=0.16 (very precise)} 0-1

[Event "Cabo Verde Open 2022"]
[Site "Mindelo-S. Vicente"]
[Date "2022.04.30"]
[Round "8.7"]
[White "Babo, Miguel"]
[Black "Barros Gutierrez, Angel Luis"]
[Result "1-0"]
[ECO "A48"]
[WhiteElo "1789"]
[BlackElo "2040"]
[Annotator "TA"]
[PlyCount "143"]
[EventDate "2022.04.22"]
[EventType "swiss"]
[SourceTitle "playchess.com"]
[Source "ChessBase"]
[SourceQuality "1"]
[TimeControl "40/5400+30:1800+30"]

1. d4 Nf6 2. Nf3 g6 3. e3 Bg7 4. b4 d5 5. Bb2 Nbd7 6. Be2 {[%emt 0:00:18] A48: 1 d4 Nf6 2 Nf3 g6: Torre, London and Colle Systems.} O-O 7. O-O Re8 8. Nbd2 {[%emt 0:00:28] White is slightly better.} c6 {[%emt 0:00:44] [#]} 9. a3 $146 ({Predecessor:} 9. c4 e6 10. a4 Ne4 11. Nxe4 dxe4 12. Nd2 f5 13. Qb3 a5 14. c5 axb4 15. Nc4 Nf6 16. Nd6 Re7 17. Qxb4 {1-0 (31) Xiong,J (2709)-Murzin,V (2478) Chess.com INT 2021}) 9... Nf8 10. c4 Be6 11. c5 h6 12. h3 g5 13. Ne5 N6d7 14. f4 {[%emt 0:02:06] And now f5 would win.} f6 15. Nd3 {[%emt 0:07:06] 0x0.00192a3c43d9dp-1022s more active pieces.} Bf7 16. fxg5 hxg5 17. Nf3 (17. Bh5 $16) 17... Ng6 18. Bc3 Bh6 19. Nh2 Kg7 (19... e6 $11 {remains equal.}) 20. Ng4 $36 {[%emt 0:04:41][%cal Od3e5][%mdl 2048] White is on the roll.} Rh8 21. Ndf2 (21. b5 $1 $16) 21... Qc7 (21... f5 $11) 22. e4 Qg3 ({Black should try} 22... dxe4 23. Nxe4 (23. Nxh6 Rxh6 24. Bg4 Qg3 $11) 23... Bd5) 23. Bf3 {[%emt 0:08:46][%cal Oe4e5] e5! is the strong threat.} e6 $2 (23... Nh4 $16) 24. Bd2 $2 (24. e5 $1 $18 {and the rest is easy.}) 24... f5 {[%emt 0:00:42] [#]} 25. Nh1 $1 Qc7 (25... Qh4 $2 26. exf5 exf5 27. Be1 $1 fxg4 28. Bxg4 Qxg4 29. hxg4 $18) 26. exf5 (26. Nxh6 $18 Kxh6 27. e5) 26... exf5 27. Nxh6 Kxh6 28. Qc2 (28. Bh5 $16 Be6 29. Qe2) 28... Be6 (28... Nh4 $2 29. Bg4 $1 Bg6 30. Bxf5 (30. Bxg5+ Kxg5 31. Rae1 Raf8 $11) 30... Nxf5 31. Rxf5 $18) 29. Rae1 Rae8 {[%emt 0:00:22][%mdl 8192] [#]} (29... Ndf8 $16 {is more resistant.}) 30. Nf2 $2 (30. Rxe6 $1 $18 Rxe6 31. Qxf5) 30... Nh4 31. Nd3 Kg6 $2 {[%emt 0:05:37] [#]} (31... Nf6 $16) 32. Ne5+ $2 (32. Bg4 $1 $18 ) 32... Kf6 (32... Nxe5 $14 33. Rxe5 Bd7) 33. Nxd7+ $2 (33. Bg4 $18 f4 34. g3 Nxe5 35. gxh4 (35. dxe5+ Kg7 $18) (35. Rxe5 Bxg4 36. Bxf4 gxf4 $18) 35... Nxg4 36. hxg5+ (36. hxg4 Qh7 $16) 36... Ke7 37. Bxf4) 33... Qxd7 $2 {[%emt 0:02:01] [#]} (33... Bxd7 $11 {and Black stays safe.} 34. Rxe8 Rxe8) 34. Re5 $2 {[%emt 0:03:17] Really sharp!} (34. Bg4 $1 $18) 34... Qh7 $2 {[%emt 0:04:23] [#]} (34... Ng6 $15 {stays ahead.}) 35. Bg4 $1 $18 f4 (35... Ke7) 36. Qxh7 ({Less strong is} 36. Qd1 Ng6 $14) 36... Rxh7 {[%emt 0:00:42] [#]} 37. Bxf4 $1 gxf4 38. Rxf4+ Kg7 39. Bxe6 Ng6 40. Rf7+ Kh6 41. Rxh7+ Kxh7 {[%emt 0:01:05][%mdl 4096] Endgame KRB-KRN} 42. Bf5 Rf8 43. Bxg6+ Kxg6 {[%emt 0:00:22] KR-KR} 44. Re7 Kg5 45. Rxb7 Kf4 46. Re7 Kg3 47. Re3+ Kh4 48. a4 a6 49. Rf3 Rb8 50. Rb3 Kg5 51. b5 cxb5 52. axb5 axb5 53. c6 b4 54. c7 Rc8 55. Rxb4 Rxc7 56. Rb5 Rd7 57. Rb3 (57. Rb8 $142) 57... Kf4 58. Rb1 {[%emt 0:01:12] Strongly threatening Re1.} Kg3 $2 (58... Rc7 $16 59. Re1 Rc4) 59. Rf1 Re7 60. Rf3+ Kh4 61. Kf2 Re4 62. g3+ (62. Rf5 $142 Re6 63. Kf3 Rg6 64. g4 Rh6 65. Kg2 Rh7 66. Rxd5 Rh6 67. Rf5) 62... Kxh3 63. Rf4 $2 (63. Rf5 $18 {Re5 would kill now.} Kg4 64. Rxd5) 63... Rxf4+ $11 64. gxf4 {[%emt 0:00:16][%cal Bg3f4,Bf4f5,Bf5f6][%mdl 32] White wants to mate with f5. KPP-KP} Kh4 $2 (64... Kg4 $11) 65. Kf3 {[%emt 0:00:16] White mates.} Kh5 66. Kg3 Kg6 67. Kg4 Kf6 68. f5 Kg7 69. Kg5 Kf7 70. f6 Kg8 71. Kg6 Kh8 72. Kf7 {[%emt 0:00:19] Weighted Error Value: White=0.69/Black=1.08} 1-0